cohdb
Replays
Latest Replays
All Replays
Popular Replays
Top Player Replays
Match Explorer
How It Works
Community
CoH3 Stats
Reddit
Sign in to upload your games and track your stats! →
Sign in with Steam
Match 43874619
Unlisted
Match 43874619
Overview
Messages
Build Orders
End
Construct Section Command Post
Royal Engineer Section
Selects Canadian Shock Battlegroup
Dingo Light Scout Car
Vickers Machine Gun Team
Infantry Section
Selects Attacking Spirit
Selects Canadian Shock Section
Infantry Section
Construct Platoon Command Post
Selects Incendiary Munitions
Grenade Package
Selects Pyrotechnics
Construct Company Command Post
Matilda II Heavy Tank
Construct Field Infirmary
Unlock Bishop Self-propelled Artillery
Infantry Training
Selects Smoke Operation
Selects Demolition Engineering
Bishop Self-propelled Artillery
Royal Engineer Section
Canadian Shock Section
Bishop Self-propelled Artillery
Light Vehicle Training
Crusader II Medium Tank
Royal Engineer Section
Bishop Self-propelled Artillery
Armored Vehicle Training
Crusader II Medium Tank
Crusader II Medium Tank
Foot Guards Section
Foot Guards Section
Royal Engineer Section
Royal Engineer Section
LMAA||Bobdaboss
DonButtkick
Nukepapa
Baoste
0
0
Comments
sign in to comment!
No comments posted yet!